[ AOE2 MATCH · #482174614 ]
UnrankedIncas vs Wei
[ REPLAY ANALYSIS · EXTRACTED FROM THE RECORDED GAME ]
Feudal
11:20
Castle
14:50
Imperial
—
| APM avg | 43.4 |
| APM peak | 85 |
| eAPM avg | 22.0 |
| Villagers / military | 78 / 14 |
Focus
⚔️ 32.8% · 🌾 67.2%
Fire Galley ×10 · Fishing Ship ×7 · Demolition Raft ×4
Feudal
10:17
Castle
22:17
Imperial
—
| APM avg | 41.4 |
| APM peak | 69 |
| eAPM avg | 19.7 |
| Villagers / military | 48 / 25 |
Focus
⚔️ 28.9% · 🌾 71.1%
Archer ×16 · Militia ×8 · Fishing Ship ×3 · Fire Galley ×1
Feudal
10:26
Castle
—
Imperial
—
| APM avg | 45.2 |
| APM peak | 70 |
| eAPM avg | 24.4 |
| Villagers / military | 62 / 16 |
Focus
⚔️ 35.0% · 🌾 65.0%
Fishing Ship ×8 · Militia ×5 · Archer ×4 · Skirmisher ×4 · Spearman ×3
Feudal
10:08
Castle
20:51
Imperial
—
| APM avg | 53.9 |
| APM peak | 109 |
| eAPM avg | 20.9 |
| Villagers / military | 68 / 12 |
Focus
⚔️ 34.1% · 🌾 65.9%
Scout Cavalry ×9 · Fishing Ship ×8 · Knight ×1 · Fire Galley ×1 · Transport Ship ×1
Feudal
10:49
Castle
17:53
Imperial
—
| APM avg | 55.3 |
| APM peak | 93 |
| eAPM avg | 28.6 |
| Villagers / military | 75 / 18 |
Focus
⚔️ 29.3% · 🌾 70.7%
Fishing Ship ×12 · Fire Galley ×7 · Galley ×6 · Unknown (2626) ×3 · Knight ×2 · Camel Scout ×2
Feudal
13:54
Castle
17:57
Imperial
—
| APM avg | 47.4 |
| APM peak | 76 |
| eAPM avg | 20.7 |
| Villagers / military | 71 / 36 |
Focus
⚔️ 34.4% · 🌾 65.6%
Fishing Ship ×28 · Fire Galley ×19 · Galley ×11 · Spearman ×5 · Warrior Priest ×1
Feudal
10:32
Castle
16:20
Imperial
—
| APM avg | 45.3 |
| APM peak | 85 |
| eAPM avg | 23.4 |
| Villagers / military | 80 / 24 |
Focus
⚔️ 38.3% · 🌾 61.7%
Galley ×24 · Unknown (2626) ×15 · Fishing Ship ×5
Feudal
9:47
Castle
19:37
Imperial
—
| APM avg | 54.3 |
| APM peak | 77 |
| eAPM avg | 17.4 |
| Villagers / military | 57 / 10 |
Focus
⚔️ 24.6% · 🌾 75.4%
Fishing Ship ×14 · Scout Cavalry ×7 · Spearman ×2 · Transport Ship ×1
Match map
Initial resources + every placement click. Lines = walls · curves = elevation contours. ◆ gold · ⬟ stone · ● berries · ✦ relic · ◌ wall gap
Inputs per minute
— Hui - - FalconElPardal
Build order — Hui
First 150 of 158 actions detected
| 0:01 | Create | Villager (Male) |
| 0:01 | Create | Villager (Male) |
| 0:03 | Build | House |
| 0:04 | Build | House |
| 0:06 | Create | Villager (Male) |
| 0:06 | Create | Villager (Male) |
| 1:24 | Create | Villager (Male) |
| 1:24 | Create | Villager (Male) |
| 1:39 | Create | Villager (Male) |
| 2:06 | Create | Villager (Male) |
| 2:25 | Build | Settlement |
| 2:45 | Create | Villager (Male) |
| 2:46 | Create | Villager (Male) |
| 3:07 | Create | Villager (Male) |
| 3:07 | Create | Villager (Male) |
| 3:40 | Create | Villager (Male) |
| 3:40 | Create | Villager (Male) |
| 4:07 | Create | Villager (Male) |
| 4:36 | Create | Villager (Male) |
| 4:36 | Create | Villager (Male) |
| 4:43 | Build | Dock |
| 4:54 | Create | Villager (Male) |
| 4:54 | Create | Villager (Male) |
| 5:11 | Create | Villager (Male) |
| 5:11 | Create | Villager (Male) |
| 5:25 | Create | Fishing Ship |
| 5:38 | Create | Villager (Male) |
| 5:38 | Create | Villager (Male) |
| 5:55 | Create | Fishing Ship |
| 6:02 | Create | Villager (Male) |
| 6:02 | Create | Villager (Male) |
| 6:36 | Create | Fishing Ship |
| 7:01 | Create | Villager (Male) |
| 7:19 | Create | Villager (Male) |
| 7:29 | Create | Fishing Ship |
| 7:43 | Create | Villager (Male) |
| 8:12 | Create | Villager (Male) |
| 8:15 | Create | Fishing Ship |
| 8:40 | Research | Loom |
| 8:40 | Research | Loom |
| 8:50 | Build | Settlement |
| 9:10 | Research | Feudal Age |
| 9:10 | Research | Feudal Age |
| 9:26 | Create | Fishing Ship |
| 9:26 | Create | Fishing Ship |
| 9:29 | Create | Villager (Male) |
| 10:21 | Create | Villager (Male) |
| 11:20 | Age | Feudal Age |
| 11:27 | Build | Market |
| 11:32 | Build | Blacksmith |
| 12:09 | Research | Castle Age |
| 12:22 | Build | Dock |
| 12:29 | Create | Villager (Male) |
| 12:35 | Research | Double-Bit Axe |
| 12:35 | Research | Double-Bit Axe |
| 12:36 | Research | Double-Bit Axe |
| 12:56 | Create | Fire Galley |
| 13:05 | Create | Fire Galley |
| 14:50 | Age | Castle Age |
| 14:57 | Build | Town Center |
| 15:00 | Research | War Galley (upgrade) |
| 15:02 | Research | Bow Saw |
| 15:06 | Create | Villager (Male) |
| 15:10 | Create | Fire Galley |
| 15:10 | Create | Fire Galley |
| 15:18 | Create | Villager (Male) |
| 15:42 | Build | House |
| 16:03 | Create | Fire Galley |
| 16:04 | Create | Fire Galley |
| 16:08 | Create | Villager (Male) |
| 16:16 | Create | Villager (Male) |
| 16:17 | Create | Villager (Male) |
| 16:21 | Research | Town Watch |
| 16:35 | Create | Fire Galley |
| 16:35 | Create | Fire Galley |
| 16:41 | Create | Villager (Male) |
| 16:41 | Create | Villager (Male) |
| 17:11 | Create | Villager (Male) |
| 17:11 | Create | Villager (Male) |
| 17:36 | Create | Villager (Male) |
| 17:37 | Create | Villager (Male) |
| 17:59 | Create | Villager (Male) |
| 17:59 | Create | Villager (Male) |
| 18:26 | Build | Dock |
| 18:40 | Create | Villager (Male) |
| 18:40 | Create | Villager (Male) |
| 18:45 | Build | Farm |
| 18:47 | Research | Horse Collar |
| 18:47 | Research | Horse Collar |
| 18:47 | Research | Horse Collar |
| 18:58 | Build | Town Center |
| 19:05 | Create | Villager (Male) |
| 19:05 | Create | Villager (Male) |
| 19:07 | Build | Farm |
| 19:12 | Build | Farm |
| 19:15 | Build | Farm |
| 19:21 | Build | University |
| 19:25 | Create | Villager (Male) |
| 19:35 | Create | Villager (Male) |
| 19:36 | Create | Villager (Male) |
| 19:38 | Build | Farm |
| 19:47 | Create | Villager (Male) |
| 19:47 | Create | Villager (Male) |
| 19:49 | Create | Fire Galley |
| 19:49 | Create | Fire Galley |
| 20:10 | Create | Villager (Male) |
| 20:23 | Build | Farm |
| 20:24 | Build | Farm |
| 20:29 | Create | Villager (Male) |
| 20:30 | Create | Villager (Male) |
| 20:34 | Build | Farm |
| 20:36 | Build | Farm |
| 20:40 | Create | Villager (Male) |
| 20:55 | Build | Farm |
| 20:55 | Create | Villager (Male) |
| 20:56 | Create | Villager (Male) |
| 21:07 | Build | House |
| 21:09 | Create | Demolition Raft |
| 21:09 | Create | Demolition Raft |
| 21:13 | Research | Tech 905 |
| 21:16 | Create | Demolition Raft |
| 21:20 | Create | Villager (Male) |
| 21:20 | Create | Villager (Male) |
| 21:21 | Build | Farm |
| 21:25 | Build | Farm |
| 21:27 | Build | Farm |
| 21:28 | Create | Villager (Male) |
| 21:28 | Create | Villager (Male) |
| 21:39 | Create | Villager (Male) |
| 21:40 | Create | Villager (Male) |
| 21:42 | Build | Farm |
| 21:44 | Build | Farm |
| 21:50 | Build | House |
| 21:54 | Create | Demolition Raft |
| 21:58 | Create | Villager (Male) |
| 22:02 | Build | Farm |
| 22:05 | Build | Farm |
| 22:10 | Build | Palisade Wall |
| 22:11 | Build | Palisade Wall |
| 22:14 | Build | Palisade Wall |
| 22:25 | Create | Villager (Male) |
| 22:25 | Create | Villager (Male) |
| 22:31 | Create | Villager (Male) |
| 22:31 | Create | Villager (Male) |
| 22:41 | Build | Farm |
| 22:44 | Build | Farm |
| 22:45 | Build | Monastery |
| 22:47 | Create | Villager (Male) |
| 22:50 | Build | Farm |
| 22:51 | Build | Farm |
Build order — FalconElPardal
135 actions detected in the replay
| 0:01 | Create | Villager (Male) |
| 0:02 | Build | House |
| 0:04 | Build | House |
| 0:25 | Create | Villager (Male) |
| 0:26 | Create | Villager (Male) |
| 0:26 | Create | Villager (Male) |
| 1:23 | Build | Lumber Camp |
| 1:25 | Create | Villager (Male) |
| 1:25 | Create | Villager (Male) |
| 1:58 | Create | Villager (Male) |
| 1:59 | Create | Villager (Male) |
| 2:20 | Create | Villager (Male) |
| 2:20 | Create | Villager (Male) |
| 2:53 | Create | Villager (Male) |
| 2:53 | Create | Villager (Male) |
| 3:16 | Create | Villager (Male) |
| 3:17 | Create | Villager (Male) |
| 3:36 | Create | Villager (Male) |
| 3:37 | Create | Villager (Male) |
| 3:58 | Build | House |
| 4:14 | Create | Villager (Male) |
| 4:14 | Create | Villager (Male) |
| 4:25 | Build | Dock |
| 4:31 | Create | Villager (Male) |
| 4:32 | Create | Villager (Male) |
| 4:55 | Create | Villager (Male) |
| 5:03 | Create | Fishing Ship |
| 5:20 | Build | House |
| 5:23 | Create | Villager (Male) |
| 5:39 | Create | Fishing Ship |
| 5:54 | Create | Villager (Male) |
| 6:10 | Create | Villager (Male) |
| 6:33 | Create | Villager (Male) |
| 6:57 | Create | Villager (Male) |
| 7:19 | Build | Barracks |
| 7:29 | Create | Villager (Male) |
| 8:01 | Build | House |
| 8:07 | Research | Feudal Age |
| 8:08 | Research | Loom |
| 8:21 | Build | Mining Camp |
| 8:33 | Create | Militia |
| 8:33 | Create | Militia |
| 8:36 | Build | House |
| 8:50 | Create | Militia |
| 8:51 | Create | Militia |
| 8:56 | Build | House |
| 9:00 | Create | Militia |
| 9:01 | Create | Militia |
| 9:33 | Create | Fishing Ship |
| 9:36 | Create | Militia |
| 9:43 | Create | Villager (Male) |
| 10:01 | Build | Palisade Gate |
| 10:17 | Age | Feudal Age |
| 10:19 | Research | Man-at-Arms (upgrade) |
| 10:20 | Research | Man-at-Arms (upgrade) |
| 10:24 | Build | Watch Tower |
| 10:33 | Create | Villager (Male) |
| 10:38 | Build | Watch Tower |
| 10:51 | Build | Mill |
| 11:04 | Create | Villager (Male) |
| 11:13 | Build | House |
| 11:33 | Build | Farm |
| 11:39 | Create | Militia |
| 11:44 | Create | Villager (Male) |
| 11:57 | Build | Farm |
| 11:59 | Build | Farm |
| 12:02 | Build | Farm |
| 12:03 | Build | Farm |
| 12:04 | Create | Villager (Male) |
| 12:25 | Create | Fire Galley |
| 12:31 | Build | House |
| 12:32 | Create | Villager (Male) |
| 13:01 | Create | Villager (Male) |
| 13:08 | Build | Archery Range |
| 13:20 | Research | Double-Bit Axe |
| 13:22 | Create | Villager (Male) |
| 13:43 | Create | Villager (Male) |
| 13:56 | Build | Mining Camp |
| 14:02 | Create | Archer |
| 14:09 | Create | Villager (Male) |
| 14:18 | Build | Lumber Camp |
| 14:24 | Create | Archer |
| 14:35 | Create | Villager (Male) |
| 14:54 | Create | Villager (Male) |
| 15:02 | Create | Archer |
| 15:13 | Build | Blacksmith |
| 15:18 | Create | Villager (Male) |
| 15:21 | Build | Farm |
| 15:31 | Create | Archer |
| 15:38 | Build | Farm |
| 15:39 | Build | Farm |
| 15:51 | Build | House |
| 15:55 | Create | Villager (Male) |
| 16:00 | Research | Fletching |
| 16:03 | Create | Archer |
| 16:17 | Create | Villager (Male) |
| 16:27 | Build | Lumber Camp |
| 16:30 | Create | Archer |
| 16:40 | Build | Farm |
| 16:42 | Create | Villager (Male) |
| 17:03 | Create | Archer |
| 17:12 | Create | Villager (Male) |
| 17:22 | Build | Farm |
| 17:25 | Build | Farm |
| 17:27 | Build | Farm |
| 17:31 | Create | Archer |
| 17:41 | Create | Villager (Male) |
| 17:43 | Build | Farm |
| 17:58 | Create | Villager (Male) |
| 18:23 | Create | Villager (Male) |
| 18:36 | Build | Farm |
| 18:43 | Build | Stone Wall |
| 18:49 | Create | Archer |
| 18:54 | Build | Archery Range |
| 19:23 | Create | Archer |
| 19:37 | Research | Castle Age |
| 19:37 | Research | Castle Age |
| 19:45 | Create | Archer |
| 19:49 | Build | House |
| 20:10 | Create | Archer |
| 20:16 | Research | Padded Archer Armor |
| 20:17 | Research | Padded Archer Armor |
| 20:22 | Build | House |
| 20:23 | Build | House |
| 20:24 | Build | House |
| 20:33 | Create | Archer |
| 20:33 | Create | Archer |
| 20:39 | Build | Mining Camp |
| 20:41 | Build | Palisade Wall |
| 20:44 | Build | Palisade Wall |
| 20:52 | Create | Archer |
| 20:54 | Create | Archer |
| 20:57 | Build | Farm |
| 20:58 | Create | Villager (Male) |
| 22:17 | Age | Castle Age |
Build order — [R1] Pume
147 actions detected in the replay
| 0:04 | Create | Villager (Male) |
| 0:05 | Build | House |
| 0:05 | Create | Villager (Male) |
| 0:06 | Build | House |
| 0:08 | Create | Villager (Male) |
| 0:10 | Create | Villager (Male) |
| 1:23 | Create | Villager (Male) |
| 2:00 | Create | Villager (Male) |
| 2:31 | Create | Villager (Male) |
| 2:31 | Create | Villager (Male) |
| 2:39 | Create | Villager (Male) |
| 2:47 | Build | Lumber Camp |
| 3:19 | Create | Villager (Male) |
| 3:46 | Create | Villager (Male) |
| 4:07 | Create | Villager (Male) |
| 4:08 | Create | Villager (Male) |
| 4:10 | Create | Villager (Male) |
| 4:18 | Build | House |
| 4:39 | Build | Palisade Wall |
| 4:45 | Build | Palisade Wall |
| 4:50 | Create | Villager (Male) |
| 4:58 | Create | Villager (Male) |
| 5:57 | Create | Villager (Male) |
| 5:57 | Create | Villager (Male) |
| 5:59 | Build | Dock |
| 6:03 | Create | Villager (Male) |
| 6:38 | Create | Fishing Ship |
| 6:50 | Create | Villager (Male) |
| 7:09 | Create | Villager (Male) |
| 7:15 | Create | Villager (Male) |
| 7:22 | Create | Fishing Ship |
| 7:30 | Research | Loom |
| 7:45 | Build | Barracks |
| 8:16 | Research | Feudal Age |
| 8:16 | Research | Feudal Age |
| 8:31 | Build | House |
| 8:37 | Create | Militia |
| 8:58 | Build | Mining Camp |
| 8:59 | Create | Villager (Male) |
| 9:00 | Create | Militia |
| 9:01 | Create | Militia |
| 9:26 | Create | Fishing Ship |
| 9:28 | Create | Villager (Male) |
| 9:44 | Build | House |
| 9:48 | Create | Villager (Male) |
| 9:52 | Create | Militia |
| 9:52 | Create | Militia |
| 9:53 | Create | Villager (Male) |
| 10:00 | Create | Villager (Male) |
| 10:02 | Build | Palisade Wall |
| 10:05 | Build | Palisade Wall |
| 10:07 | Build | Palisade Wall |
| 10:09 | Build | Palisade Wall |
| 10:10 | Build | Palisade Wall |
| 10:12 | Build | Palisade Wall |
| 10:18 | Create | Villager (Male) |
| 10:21 | Build | Palisade Wall |
| 10:21 | Build | Palisade Wall |
| 10:23 | Build | Palisade Wall |
| 10:25 | Create | Villager (Male) |
| 10:26 | Age | Feudal Age |
| 10:28 | Build | Watch Tower |
| 10:37 | Build | Stone Wall |
| 10:38 | Create | Villager (Male) |
| 10:38 | Create | Villager (Male) |
| 10:58 | Create | Villager (Male) |
| 11:05 | Build | Stone Wall |
| 11:07 | Create | Spearman |
| 11:19 | Build | Archery Range |
| 11:30 | Build | Palisade Wall |
| 11:36 | Create | Villager (Male) |
| 11:49 | Build | Palisade Wall |
| 11:54 | Create | Villager (Male) |
| 12:06 | Create | Archer |
| 12:19 | Research | Double-Bit Axe |
| 12:26 | Create | Archer |
| 12:26 | Create | Villager (Male) |
| 12:41 | Create | Villager (Male) |
| 12:43 | Create | Villager (Male) |
| 12:58 | Create | Skirmisher |
| 13:15 | Build | House |
| 13:17 | Create | Villager (Male) |
| 13:38 | Create | Villager (Male) |
| 13:42 | Create | Villager (Male) |
| 13:46 | Create | Villager (Male) |
| 13:48 | Build | Lumber Camp |
| 13:50 | Build | House |
| 14:31 | Create | Villager (Male) |
| 14:34 | Create | Villager (Male) |
| 14:48 | Create | Fishing Ship |
| 15:11 | Create | Villager (Male) |
| 15:26 | Create | Skirmisher |
| 15:26 | Create | Skirmisher |
| 15:27 | Create | Villager (Male) |
| 15:31 | Create | Skirmisher |
| 15:34 | Build | Dock |
| 15:37 | Create | Villager (Male) |
| 15:49 | Create | Villager (Male) |
| 15:59 | Create | Villager (Male) |
| 16:05 | Create | Spearman |
| 16:05 | Create | Spearman |
| 16:11 | Build | Mining Camp |
| 16:33 | Build | Outpost |
| 16:45 | Create | Fishing Ship |
| 17:06 | Build | Lumber Camp |
| 17:10 | Research | Wheelbarrow |
| 17:11 | Research | Wheelbarrow |
| 17:11 | Research | Wheelbarrow |
| 18:09 | Create | Villager (Male) |
| 18:20 | Create | Archer |
| 18:20 | Create | Archer |
| 18:49 | Create | Villager (Male) |
| 18:59 | Create | Villager (Male) |
| 19:07 | Build | Palisade Wall |
| 19:39 | Build | Palisade Wall |
| 19:44 | Build | Palisade Wall |
| 19:44 | Create | Villager (Male) |
| 19:47 | Build | Palisade Wall |
| 19:49 | Build | Palisade Wall |
| 19:56 | Build | Building 487 |
| 19:59 | Build | Stone Wall |
| 20:03 | Build | Stone Wall |
| 20:09 | Build | Stone Wall |
| 20:23 | Build | Mill |
| 20:33 | Create | Villager (Male) |
| 21:02 | Create | Fishing Ship |
| 21:22 | Create | Villager (Male) |
| 21:36 | Build | Farm |
| 21:38 | Create | Villager (Male) |
| 21:39 | Create | Fishing Ship |
| 22:17 | Build | Watch Tower |
| 22:20 | Create | Villager (Male) |
| 22:22 | Build | Watch Tower |
| 22:41 | Create | Fishing Ship |
| 22:45 | Create | Villager (Male) |
| 22:48 | Build | Farm |
| 22:52 | Create | Villager (Male) |
| 22:59 | Build | Market |
| 22:59 | Create | Villager (Male) |
| 23:01 | Build | Palisade Wall |
| 23:04 | Create | Villager (Male) |
| 23:06 | Build | House |
| 23:16 | Build | Building 487 |
| 23:21 | Create | Villager (Male) |
| 23:29 | Build | Palisade Wall |
| 23:35 | Create | Villager (Male) |
| 23:37 | Build | Farm |
Build order — Zni.Chaos
First 150 of 155 actions detected
| 0:01 | Create | Villager (Male) |
| 0:02 | Build | House |
| 0:03 | Build | House |
| 0:08 | Create | Villager (Male) |
| 0:08 | Create | Villager (Male) |
| 0:29 | Create | Villager (Male) |
| 0:29 | Create | Villager (Male) |
| 1:23 | Create | Villager (Male) |
| 1:23 | Create | Villager (Male) |
| 1:46 | Build | Lumber Camp |
| 2:01 | Create | Villager (Male) |
| 2:02 | Create | Villager (Male) |
| 2:17 | Create | Villager (Male) |
| 2:17 | Create | Villager (Male) |
| 2:17 | Create | Villager (Male) |
| 2:41 | Create | Villager (Male) |
| 3:16 | Create | Villager (Male) |
| 3:16 | Create | Villager (Male) |
| 3:42 | Create | Villager (Male) |
| 3:43 | Create | Villager (Male) |
| 3:58 | Build | House |
| 4:09 | Create | Villager (Male) |
| 4:09 | Create | Villager (Male) |
| 4:20 | Create | Villager (Male) |
| 4:20 | Create | Villager (Male) |
| 4:34 | Build | Dock |
| 4:56 | Create | Villager (Male) |
| 4:56 | Create | Villager (Male) |
| 5:11 | Build | House |
| 5:18 | Create | Villager (Male) |
| 5:18 | Create | Villager (Male) |
| 5:25 | Create | Fishing Ship |
| 5:25 | Create | Fishing Ship |
| 5:36 | Create | Villager (Male) |
| 5:59 | Create | Fishing Ship |
| 5:59 | Create | Fishing Ship |
| 6:05 | Create | Villager (Male) |
| 6:43 | Create | Fishing Ship |
| 6:44 | Create | Fishing Ship |
| 6:55 | Create | Villager (Male) |
| 6:58 | Build | House |
| 7:31 | Create | Villager (Male) |
| 7:55 | Create | Fishing Ship |
| 7:58 | Research | Feudal Age |
| 8:55 | Build | House |
| 9:28 | Create | Villager (Male) |
| 10:08 | Age | Feudal Age |
| 10:16 | Build | Stable |
| 10:20 | Build | Blacksmith |
| 10:24 | Research | Double-Bit Axe |
| 10:25 | Create | Villager (Male) |
| 10:47 | Create | Villager (Male) |
| 10:56 | Build | House |
| 11:04 | Create | Villager (Male) |
| 11:12 | Create | Scout Cavalry |
| 11:12 | Create | Scout Cavalry |
| 11:14 | Research | Scale Barding Armor |
| 11:17 | Build | Farm |
| 11:18 | Build | Farm |
| 11:20 | Build | Farm |
| 11:23 | Build | Farm |
| 11:31 | Create | Villager (Male) |
| 11:36 | Build | Mill |
| 11:47 | Create | Scout Cavalry |
| 11:56 | Create | Villager (Male) |
| 11:58 | Build | Farm |
| 12:21 | Create | Scout Cavalry |
| 12:23 | Create | Villager (Male) |
| 12:44 | Create | Transport Ship |
| 12:47 | Create | Scout Cavalry |
| 12:48 | Create | Villager (Male) |
| 12:50 | Build | Farm |
| 12:50 | Build | Farm |
| 13:12 | Create | Scout Cavalry |
| 13:12 | Create | Villager (Male) |
| 13:20 | Build | House |
| 13:22 | Build | Farm |
| 13:31 | Build | House |
| 13:33 | Research | Horse Collar |
| 13:33 | Research | Horse Collar |
| 13:34 | Create | Villager (Male) |
| 13:36 | Build | House |
| 14:10 | Research | Forging |
| 14:10 | Create | Villager (Male) |
| 14:13 | Build | Farm |
| 14:25 | Build | Farm |
| 14:29 | Create | Villager (Male) |
| 14:30 | Build | House |
| 14:42 | Research | Bloodlines |
| 14:52 | Build | Farm |
| 14:56 | Create | Villager (Male) |
| 15:07 | Build | Mining Camp |
| 15:09 | Create | Villager (Male) |
| 15:18 | Build | Farm |
| 15:42 | Create | Villager (Male) |
| 15:44 | Create | Villager (Male) |
| 16:30 | Create | Villager (Male) |
| 16:59 | Create | Villager (Male) |
| 17:09 | Build | House |
| 17:11 | Build | Dock |
| 17:24 | Build | Lumber Camp |
| 18:09 | Create | Villager (Male) |
| 18:10 | Research | Castle Age |
| 18:12 | Create | Scout Cavalry |
| 18:12 | Create | Scout Cavalry |
| 18:17 | Create | Scout Cavalry |
| 18:24 | Build | House |
| 18:27 | Research | Tech 906 |
| 18:27 | Create | Fishing Ship |
| 18:41 | Build | House |
| 19:09 | Create | Villager (Male) |
| 19:20 | Build | Palisade Wall |
| 19:21 | Build | Palisade Wall |
| 19:24 | Build | Palisade Wall |
| 19:25 | Build | Palisade Wall |
| 19:27 | Build | Palisade Wall |
| 19:31 | Create | Villager (Male) |
| 19:32 | Build | Palisade Wall |
| 19:33 | Build | Palisade Wall |
| 19:39 | Build | Palisade Wall |
| 19:40 | Build | Palisade Wall |
| 19:41 | Build | Palisade Wall |
| 19:42 | Build | Palisade Wall |
| 19:45 | Build | Palisade Wall |
| 19:46 | Build | Palisade Wall |
| 19:48 | Build | Palisade Wall |
| 19:50 | Build | Palisade Wall |
| 19:51 | Build | Palisade Wall |
| 19:56 | Create | Villager (Male) |
| 20:06 | Create | Villager (Male) |
| 20:13 | Build | Stable |
| 20:26 | Create | Villager (Male) |
| 20:51 | Age | Castle Age |
| 20:53 | Create | Knight |
| 20:56 | Create | Villager (Male) |
| 20:57 | Create | Villager (Male) |
| 21:05 | Create | Villager (Male) |
| 21:19 | Build | Town Center |
| 21:21 | Create | Villager (Male) |
| 21:31 | Create | Villager (Male) |
| 21:57 | Research | Loom |
| 22:13 | Create | Villager (Male) |
| 22:13 | Create | Villager (Male) |
| 22:18 | Create | Villager (Male) |
| 22:20 | Create | Villager (Male) |
| 22:21 | Research | Bow Saw |
| 22:22 | Research | Bow Saw |
| 22:34 | Create | Villager (Male) |
| 22:56 | Create | Villager (Male) |
| 23:01 | Create | Fire Galley |
Build order — Oni.TaToH
First 150 of 176 actions detected
| 0:02 | Create | Villager (Male) ×4 |
| 0:02 | Create | Villager (Male) ×4 |
| 0:05 | Build | House |
| 0:06 | Build | House |
| 0:09 | Build | House |
| 1:24 | Create | Villager (Male) |
| 1:24 | Create | Villager (Male) |
| 1:55 | Create | Villager (Male) |
| 2:17 | Build | Lumber Camp |
| 2:20 | Create | Villager (Male) |
| 2:46 | Create | Villager (Male) |
| 2:47 | Create | Villager (Male) |
| 3:25 | Create | Villager (Male) |
| 3:25 | Create | Villager (Male) |
| 3:48 | Create | Villager (Male) |
| 4:14 | Create | Villager (Male) |
| 4:14 | Create | Villager (Male) |
| 4:26 | Build | Dock |
| 4:49 | Create | Villager (Male) |
| 4:49 | Create | Villager (Male) |
| 5:05 | Create | Fishing Ship |
| 5:09 | Create | Villager (Male) |
| 5:36 | Create | Villager (Male) |
| 5:36 | Create | Villager (Male) |
| 5:39 | Create | Fishing Ship |
| 5:52 | Create | Villager (Male) |
| 5:52 | Create | Villager (Male) |
| 6:08 | Create | Fishing Ship |
| 6:12 | Create | Villager (Male) |
| 6:12 | Create | Villager (Male) |
| 6:31 | Create | Villager (Male) |
| 6:31 | Create | Villager (Male) |
| 6:41 | Build | House |
| 6:43 | Create | Fishing Ship |
| 7:04 | Create | Villager (Male) |
| 7:12 | Build | House |
| 7:23 | Create | Fishing Ship |
| 7:24 | Create | Villager (Male) |
| 7:42 | Create | Villager (Male) |
| 7:58 | Create | Villager (Male) |
| 8:09 | Create | Fishing Ship |
| 8:11 | Create | Villager (Male) |
| 8:39 | Research | Feudal Age |
| 8:39 | Research | Feudal Age |
| 8:46 | Build | Lumber Camp |
| 9:00 | Create | Fishing Ship |
| 9:37 | Build | Mining Camp |
| 9:56 | Build | Dock |
| 10:07 | Create | Fishing Ship |
| 10:47 | Research | Loom |
| 10:49 | Age | Feudal Age |
| 10:52 | Research | Double-Bit Axe |
| 10:53 | Create | Fire Galley |
| 10:53 | Create | Fire Galley |
| 10:53 | Create | Fire Galley |
| 10:59 | Create | Villager (Male) |
| 11:10 | Research | Tech 906 |
| 11:10 | Research | Tech 906 |
| 11:22 | Create | Villager (Male) |
| 11:33 | Create | Fire Galley |
| 11:40 | Create | Villager (Male) |
| 11:52 | Create | Villager (Male) |
| 12:01 | Create | Fire Galley |
| 12:05 | Build | Dock |
| 12:26 | Create | Villager (Male) |
| 12:32 | Build | Mill |
| 12:43 | Create | Fishing Ship |
| 12:43 | Create | Fishing Ship |
| 12:55 | Build | House |
| 12:57 | Research | Town Watch |
| 12:58 | Build | House |
| 13:18 | Create | Fishing Ship |
| 13:18 | Create | Fishing Ship |
| 13:19 | Create | Villager (Male) |
| 13:36 | Create | Villager (Male) |
| 13:38 | Build | Market |
| 13:44 | Build | House |
| 14:01 | Create | Villager (Male) |
| 14:07 | Build | Blacksmith |
| 14:30 | Build | House |
| 14:31 | Create | Villager (Male) |
| 14:39 | Create | Galley |
| 14:40 | Create | Galley |
| 14:42 | Create | Galley |
| 15:01 | Create | Galley |
| 15:13 | Research | Castle Age |
| 15:13 | Research | Castle Age |
| 15:17 | Create | Galley |
| 15:31 | Create | Galley |
| 15:40 | Create | Unit 2626 |
| 15:41 | Create | Unit 2626 |
| 15:49 | Research | Gold Mining |
| 15:49 | Research | Gold Mining |
| 16:06 | Build | Barracks |
| 16:28 | Build | Palisade Wall |
| 16:29 | Build | Palisade Wall |
| 16:33 | Create | Unit 2626 |
| 16:39 | Build | House |
| 16:42 | Build | Palisade Wall |
| 16:43 | Build | Palisade Wall |
| 16:51 | Build | Stable |
| 17:23 | Research | Scale Barding Armor |
| 17:23 | Research | Scale Barding Armor |
| 17:53 | Age | Castle Age |
| 17:54 | Create | Knight |
| 17:56 | Create | Villager (Male) |
| 17:58 | Research | Bow Saw |
| 17:58 | Research | Bow Saw |
| 17:59 | Create | Villager (Male) |
| 18:00 | Research | War Galley (upgrade) |
| 18:01 | Research | War Galley (upgrade) |
| 18:25 | Create | Villager (Male) |
| 18:32 | Research | Husbandry |
| 18:37 | Create | Villager (Male) |
| 18:51 | Create | Villager (Male) |
| 18:58 | Build | House |
| 19:04 | Create | Camel Scout |
| 19:13 | Create | Villager (Male) |
| 19:16 | Build | Town Center |
| 19:37 | Build | Town Center |
| 19:38 | Create | Villager (Male) |
| 19:58 | Create | Villager (Male) |
| 20:00 | Build | House |
| 20:00 | Create | Camel Scout |
| 20:10 | Create | Villager (Male) |
| 20:15 | Build | Monastery |
| 20:22 | Research | Bloodlines |
| 20:37 | Create | Villager (Male) |
| 20:39 | Create | Villager (Male) |
| 20:42 | Build | House |
| 20:53 | Create | Fire Galley |
| 20:53 | Create | Fire Galley |
| 21:06 | Create | Villager (Male) |
| 21:09 | Create | Monk |
| 21:16 | Create | Villager (Male) |
| 21:21 | Create | Villager (Male) |
| 21:30 | Create | Villager (Male) |
| 21:30 | Build | House |
| 21:35 | Research | Gillnets |
| 21:35 | Research | Gillnets |
| 21:44 | Create | Villager (Male) |
| 21:48 | Create | Knight |
| 21:58 | Create | Villager (Male) |
| 22:02 | Build | House |
| 22:05 | Create | Villager (Male) |
| 22:08 | Create | Villager (Male) |
| 22:11 | Research | Horse Collar |
| 22:11 | Research | Horse Collar |
| 22:14 | Build | Farm |
| 22:15 | Build | Farm |
Build order — nono12
First 150 of 186 actions detected
| 0:00 | Create | Villager (Male) ×4 |
| 0:00 | Create | Villager (Male) |
| 0:00 | Create | Villager (Male) |
| 0:03 | Build | House |
| 0:04 | Build | House |
| 1:25 | Create | Villager (Male) |
| 1:25 | Create | Villager (Male) |
| 1:45 | Build | Mule Cart |
| 2:05 | Create | Villager (Male) |
| 2:06 | Create | Villager (Male) |
| 2:37 | Create | Villager (Male) |
| 2:37 | Create | Villager (Male) |
| 2:37 | Create | Villager (Male) |
| 2:58 | Create | Villager (Male) |
| 2:58 | Create | Villager (Male) |
| 2:58 | Create | Villager (Male) |
| 3:19 | Build | House |
| 3:26 | Create | Villager (Male) |
| 3:26 | Create | Villager (Male) |
| 3:26 | Create | Villager (Male) |
| 3:50 | Create | Villager (Male) |
| 3:50 | Create | Villager (Male) |
| 3:50 | Create | Villager (Male) |
| 4:10 | Build | Dock |
| 4:23 | Create | Villager (Male) |
| 4:51 | Create | Fishing Ship |
| 4:54 | Create | Villager (Male) |
| 4:54 | Create | Villager (Male) |
| 4:54 | Create | Villager (Male) |
| 5:21 | Create | Villager (Male) |
| 5:21 | Create | Villager (Male) |
| 5:21 | Create | Villager (Male) |
| 5:23 | Create | Fishing Ship |
| 5:36 | Build | House |
| 5:38 | Build | House |
| 5:46 | Create | Villager (Male) |
| 5:46 | Create | Villager (Male) |
| 5:46 | Create | Villager (Male) |
| 6:00 | Create | Fishing Ship |
| 6:00 | Create | Fishing Ship |
| 6:15 | Create | Villager (Male) |
| 6:15 | Create | Villager (Male) |
| 6:15 | Create | Villager (Male) |
| 6:48 | Build | Palisade Wall |
| 6:49 | Build | Palisade Wall |
| 6:54 | Create | Villager (Male) |
| 6:54 | Create | Villager (Male) |
| 6:54 | Create | Villager (Male) |
| 6:58 | Create | Fishing Ship |
| 7:04 | Build | Dock |
| 7:14 | Create | Villager (Male) |
| 7:29 | Create | Fishing Ship |
| 7:35 | Create | Villager (Male) |
| 7:35 | Create | Villager (Male) |
| 7:35 | Create | Villager (Male) |
| 7:45 | Create | Fishing Ship |
| 7:48 | Build | House |
| 7:51 | Build | House |
| 7:56 | Create | Villager (Male) |
| 8:30 | Build | House |
| 8:32 | Build | Palisade Wall |
| 8:32 | Build | Palisade Wall |
| 8:34 | Create | Fishing Ship |
| 8:35 | Create | Fishing Ship |
| 8:36 | Create | Villager (Male) |
| 8:55 | Build | Dock |
| 9:04 | Create | Villager (Male) |
| 9:19 | Build | Mule Cart |
| 9:25 | Create | Villager (Male) |
| 9:26 | Create | Fishing Ship |
| 9:26 | Create | Fishing Ship |
| 9:48 | Build | Palisade Wall |
| 9:55 | Create | Fishing Ship |
| 9:55 | Create | Fishing Ship |
| 9:56 | Create | Villager (Male) |
| 10:04 | Create | Fishing Ship |
| 10:05 | Create | Fishing Ship |
| 10:17 | Create | Villager (Male) |
| 10:18 | Create | Villager (Male) |
| 10:18 | Create | Villager (Male) |
| 10:18 | Create | Villager (Male) |
| 10:20 | Create | Fishing Ship |
| 10:20 | Create | Fishing Ship |
| 10:27 | Research | Loom |
| 10:33 | Build | Palisade Wall |
| 10:45 | Create | Fishing Ship |
| 10:45 | Create | Fishing Ship |
| 10:45 | Create | Fishing Ship |
| 11:12 | Create | Villager (Male) |
| 11:16 | Build | House |
| 11:21 | Create | Fishing Ship |
| 11:21 | Create | Fishing Ship |
| 11:21 | Create | Fishing Ship |
| 11:44 | Research | Feudal Age |
| 11:52 | Build | Mule Cart |
| 12:02 | Create | Fishing Ship |
| 12:03 | Create | Fishing Ship |
| 12:03 | Create | Fishing Ship |
| 12:45 | Build | Dock |
| 12:50 | Create | Fishing Ship |
| 12:50 | Create | Fishing Ship |
| 13:22 | Build | Barracks |
| 13:54 | Age | Feudal Age |
| 13:54 | Build | House |
| 13:57 | Create | Fire Galley |
| 13:57 | Create | Fire Galley |
| 13:58 | Create | Fire Galley |
| 14:01 | Create | Villager (Male) |
| 14:04 | Build | House |
| 14:07 | Research | Town Watch |
| 14:11 | Build | Blacksmith |
| 14:44 | Build | Palisade Wall |
| 14:44 | Build | Palisade Wall |
| 14:49 | Build | House |
| 14:50 | Create | Villager (Male) |
| 14:54 | Build | Stable |
| 15:15 | Create | Spearman |
| 15:17 | Research | Castle Age |
| 15:29 | Create | Spearman |
| 15:31 | Create | Fire Galley |
| 15:31 | Create | Fire Galley |
| 15:41 | Create | Villager (Male) |
| 16:09 | Create | Spearman |
| 16:10 | Create | Villager (Male) |
| 16:12 | Create | Fire Galley |
| 16:12 | Create | Fire Galley |
| 16:22 | Create | Spearman |
| 16:25 | Build | House |
| 16:29 | Build | Palisade Wall |
| 16:31 | Build | Palisade Wall |
| 16:41 | Create | Spearman |
| 16:42 | Create | Fire Galley |
| 16:43 | Create | Fire Galley |
| 17:14 | Create | Fire Galley |
| 17:16 | Research | Double-Bit Axe |
| 17:19 | Create | Villager (Male) |
| 17:28 | Create | Villager (Male) |
| 17:57 | Age | Castle Age |
| 18:03 | Build | Dock |
| 18:05 | Research | Bow Saw |
| 18:08 | Research | War Galley (upgrade) |
| 18:12 | Create | Villager (Male) |
| 18:38 | Create | Villager (Male) |
| 18:52 | Create | Fire Galley |
| 18:53 | Create | Fire Galley |
| 19:22 | Create | Villager (Male) |
| 19:25 | Build | Monastery |
| 19:37 | Create | Villager (Male) |
| 19:46 | Build | Town Center |
| 19:57 | Research | Tech 906 |
Build order — [R1] 12Tirador
First 150 of 168 actions detected
| 0:00 | Create | Villager (Male) |
| 0:00 | Create | Villager (Male) |
| 0:00 | Create | Villager (Male) |
| 0:01 | Create | Villager (Male) |
| 0:02 | Build | House |
| 0:03 | Build | House |
| 1:19 | Create | Villager (Male) |
| 1:52 | Create | Villager (Male) |
| 1:52 | Create | Villager (Male) |
| 2:00 | Build | Lumber Camp |
| 2:07 | Create | Villager (Male) |
| 2:40 | Create | Villager (Male) |
| 3:10 | Build | House |
| 3:19 | Create | Villager (Male) |
| 3:19 | Create | Villager (Male) |
| 3:47 | Create | Villager (Male) |
| 3:47 | Create | Villager (Male) |
| 4:01 | Build | House |
| 4:06 | Create | Villager (Male) |
| 4:06 | Create | Villager (Male) |
| 4:27 | Create | Villager (Male) |
| 4:33 | Build | Dock |
| 4:52 | Create | Villager (Male) |
| 5:17 | Create | Villager (Male) |
| 5:35 | Create | Fishing Ship |
| 5:49 | Create | Villager (Male) |
| 5:50 | Create | Villager (Male) |
| 6:10 | Create | Fishing Ship |
| 6:15 | Create | Villager (Male) |
| 6:35 | Create | Villager (Male) |
| 7:00 | Create | Villager (Male) |
| 7:01 | Create | Fishing Ship |
| 7:14 | Create | Villager (Male) |
| 7:21 | Build | House |
| 7:27 | Research | Loom |
| 8:04 | Build | Dock |
| 8:12 | Research | Feudal Age |
| 8:40 | Build | Mining Camp |
| 8:59 | Create | Fishing Ship |
| 9:01 | Create | Villager (Male) |
| 9:31 | Create | Villager (Male) |
| 9:49 | Create | Fishing Ship |
| 10:32 | Age | Feudal Age |
| 10:37 | Build | Dock |
| 10:45 | Build | Mill |
| 10:46 | Create | Villager (Male) |
| 10:48 | Create | Galley |
| 10:48 | Create | Galley |
| 10:55 | Create | Villager (Male) |
| 11:04 | Research | Double-Bit Axe |
| 11:05 | Create | Villager (Male) |
| 11:15 | Create | Galley |
| 11:16 | Create | Galley |
| 11:18 | Create | Villager (Male) |
| 11:48 | Create | Galley |
| 11:50 | Create | Villager (Male) |
| 11:59 | Build | Blacksmith |
| 12:18 | Create | Villager (Male) |
| 12:28 | Build | Market |
| 12:29 | Create | Villager (Male) |
| 12:59 | Create | Galley |
| 12:59 | Create | Galley |
| 13:12 | Create | Galley |
| 13:17 | Build | House |
| 13:40 | Research | Castle Age |
| 13:42 | Create | Galley |
| 13:46 | Build | House |
| 13:46 | Build | House |
| 13:53 | Create | Villager (Male) |
| 14:14 | Create | Villager (Male) |
| 14:20 | Create | Villager (Male) |
| 14:22 | Create | Galley |
| 14:22 | Create | Galley |
| 14:25 | Create | Villager (Male) |
| 14:29 | Create | Villager (Male) |
| 14:32 | Build | House |
| 14:33 | Create | Villager (Male) |
| 14:37 | Research | Fletching |
| 14:48 | Create | Villager (Male) |
| 14:50 | Create | Villager (Male) |
| 14:53 | Create | Villager (Male) |
| 14:54 | Create | Villager (Male) |
| 15:07 | Create | Villager (Male) |
| 15:08 | Create | Villager (Male) |
| 15:12 | Create | Galley ×2 |
| 15:18 | Create | Villager (Male) |
| 15:30 | Create | Villager (Male) |
| 15:36 | Create | Galley |
| 15:36 | Create | Galley |
| 16:20 | Age | Castle Age |
| 16:23 | Research | War Galley (upgrade) |
| 16:38 | Create | Galley ×4 |
| 16:44 | Create | Villager (Male) |
| 16:46 | Create | Villager (Male) |
| 16:46 | Create | Villager (Male) |
| 16:46 | Create | Villager (Male) |
| 16:53 | Build | Town Center |
| 17:01 | Create | Villager (Male) |
| 17:05 | Research | Bow Saw |
| 17:12 | Create | Villager (Male) |
| 17:18 | Create | Villager (Male) |
| 17:37 | Build | Town Center |
| 18:17 | Create | Villager (Male) |
| 18:19 | Create | Galley ×2 |
| 18:20 | Create | Villager (Male) |
| 18:23 | Build | Farm |
| 18:37 | Create | Unit 2626 ×3 |
| 18:45 | Create | Villager (Male) |
| 19:00 | Build | Farm |
| 19:00 | Build | Farm |
| 19:14 | Create | Unit 2626 |
| 19:16 | Create | Unit 2626 |
| 19:16 | Create | Unit 2626 |
| 19:32 | Create | Unit 2626 |
| 19:35 | Create | Villager (Male) |
| 19:39 | Create | Unit 2626 |
| 19:50 | Create | Villager (Male) |
| 19:55 | Create | Villager (Male) |
| 19:57 | Create | Unit 2626 |
| 19:57 | Create | Villager (Male) |
| 20:04 | Create | Unit 2626 |
| 20:08 | Create | Villager (Male) |
| 20:10 | Build | House |
| 20:11 | Create | Villager (Male) |
| 20:19 | Create | Villager (Male) |
| 20:27 | Build | House |
| 20:28 | Build | House |
| 20:29 | Build | House |
| 20:47 | Create | Unit 2626 |
| 20:48 | Create | Villager (Male) |
| 20:48 | Create | Villager (Male) |
| 20:52 | Create | Unit 2626 |
| 20:52 | Create | Unit 2626 |
| 20:59 | Create | Villager (Male) |
| 21:07 | Create | Unit 2626 |
| 21:08 | Create | Villager (Male) |
| 21:11 | Build | House |
| 21:12 | Build | House |
| 21:12 | Build | House |
| 21:13 | Build | House |
| 21:13 | Create | Villager (Male) |
| 21:21 | Create | Villager (Male) |
| 21:23 | Create | Unit 2626 |
| 21:24 | Create | Villager (Male) |
| 21:32 | Create | Villager (Male) |
| 21:39 | Build | House |
| 21:39 | Build | House |
| 21:44 | Build | Farm |
| 21:45 | Build | Farm |
| 21:59 | Create | Villager (Male) |
Build order — Moneimon
146 actions detected in the replay
| 0:01 | Create | Villager (Male) |
| 0:02 | Build | House |
| 0:03 | Build | House |
| 0:12 | Create | Villager (Male) |
| 0:12 | Create | Villager (Male) |
| 0:18 | Create | Villager (Male) |
| 0:18 | Create | Villager (Male) |
| 1:20 | Create | Villager (Male) |
| 1:21 | Create | Villager (Male) |
| 1:54 | Create | Villager (Male) |
| 1:54 | Create | Villager (Male) |
| 2:00 | Build | Lumber Camp |
| 2:28 | Create | Villager (Male) |
| 2:28 | Create | Villager (Male) |
| 2:35 | Create | Villager (Male) |
| 2:35 | Create | Villager (Male) |
| 3:07 | Create | Villager (Male) |
| 3:07 | Create | Villager (Male) |
| 3:48 | Create | Villager (Male) |
| 3:48 | Create | Villager (Male) |
| 3:54 | Create | Villager (Male) |
| 3:54 | Create | Villager (Male) |
| 4:21 | Build | House |
| 4:27 | Build | Dock |
| 4:37 | Create | Villager (Male) |
| 4:37 | Create | Villager (Male) |
| 4:50 | Create | Villager (Male) |
| 5:10 | Create | Villager (Male) |
| 5:10 | Create | Villager (Male) |
| 5:16 | Create | Fishing Ship |
| 5:17 | Create | Fishing Ship |
| 5:32 | Create | Villager (Male) |
| 6:09 | Create | Fishing Ship |
| 6:11 | Create | Villager (Male) |
| 6:39 | Create | Villager (Male) |
| 6:48 | Create | Fishing Ship |
| 7:12 | Research | Loom |
| 7:33 | Research | Feudal Age |
| 7:50 | Create | Fishing Ship |
| 7:52 | Build | House |
| 8:09 | Build | Lumber Camp |
| 9:05 | Build | Barracks |
| 9:09 | Create | Villager (Male) |
| 9:15 | Create | Fishing Ship |
| 9:29 | Create | Villager (Male) |
| 9:47 | Age | Feudal Age |
| 10:02 | Build | Stable |
| 10:03 | Create | Spearman |
| 10:19 | Build | Building 490 |
| 10:22 | Build | Stone Wall |
| 10:34 | Create | Villager (Male) |
| 10:39 | Build | House |
| 10:41 | Create | Fishing Ship |
| 10:52 | Create | Scout Cavalry |
| 10:52 | Create | Scout Cavalry |
| 10:59 | Create | Villager (Male) |
| 11:09 | Build | Mill |
| 11:12 | Create | Scout Cavalry |
| 11:15 | Create | Villager (Male) |
| 11:19 | Research | Double-Bit Axe |
| 11:31 | Create | Fishing Ship |
| 11:44 | Create | Scout Cavalry |
| 11:55 | Create | Transport Ship |
| 12:03 | Create | Villager (Male) |
| 12:09 | Build | House |
| 12:14 | Build | Farm |
| 12:15 | Build | House |
| 12:18 | Research | Town Watch |
| 12:19 | Research | Horse Collar |
| 12:30 | Build | Farm |
| 12:31 | Build | House |
| 12:47 | Create | Villager (Male) |
| 13:05 | Build | Dock |
| 13:27 | Create | Fishing Ship |
| 13:27 | Create | Fishing Ship |
| 13:30 | Create | Villager (Male) |
| 13:40 | Create | Scout Cavalry |
| 13:46 | Build | Farm |
| 13:51 | Build | Farm |
| 13:53 | Create | Villager (Male) |
| 14:11 | Create | Villager (Male) |
| 14:12 | Build | Farm |
| 14:14 | Build | House |
| 14:56 | Create | Villager (Male) |
| 14:59 | Build | Mining Camp |
| 15:06 | Create | Villager (Male) |
| 15:13 | Build | Blacksmith |
| 15:29 | Create | Villager (Male) |
| 15:31 | Build | Farm |
| 15:31 | Build | House |
| 15:47 | Research | Gold Mining |
| 16:12 | Build | Dock |
| 16:22 | Create | Villager (Male) |
| 16:55 | Create | Villager (Male) |
| 16:57 | Research | Castle Age |
| 17:23 | Create | Scout Cavalry |
| 17:25 | Create | Spearman |
| 17:28 | Research | Scale Barding Armor |
| 18:00 | Create | Scout Cavalry |
| 18:04 | Research | Bloodlines |
| 18:33 | Build | Farm |
| 18:34 | Build | House |
| 19:00 | Create | Villager (Male) |
| 19:02 | Build | Farm |
| 19:03 | Build | Farm |
| 19:22 | Create | Villager (Male) |
| 19:37 | Age | Castle Age |
| 19:59 | Research | Bow Saw |
| 20:00 | Research | Heavy Plow |
| 20:01 | Create | Villager (Male) |
| 20:05 | Build | Town Center |
| 20:14 | Create | Villager (Male) |
| 20:23 | Create | Villager (Male) |
| 20:31 | Build | Market |
| 20:36 | Research | Husbandry |
| 20:42 | Create | Villager (Male) |
| 20:46 | Build | Dock |
| 20:48 | Create | Villager (Male) |
| 21:07 | Create | Villager (Male) |
| 21:21 | Create | Villager (Male) |
| 21:31 | Create | Villager (Male) |
| 21:48 | Build | Town Center |
| 22:01 | Create | Villager (Male) |
| 22:03 | Create | Fishing Ship |
| 22:04 | Create | Fishing Ship |
| 22:04 | Create | Fishing Ship |
| 22:09 | Research | War Galley (upgrade) |
| 22:33 | Build | Farm |
| 22:35 | Build | Farm |
| 22:35 | Build | House |
| 22:53 | Create | Villager (Male) |
| 22:56 | Build | Farm |
| 23:15 | Create | Villager (Male) |
| 23:18 | Build | Farm |
| 23:19 | Build | Farm |
| 23:20 | Build | Farm |
| 23:21 | Build | Farm |
| 23:23 | Create | Villager (Male) |
| 23:26 | Build | Farm |
| 23:26 | Build | House |
| 23:31 | Create | Fishing Ship |
| 23:37 | Create | Villager (Male) |
| 23:40 | Build | Farm |
| 23:41 | Build | Farm |
| 23:41 | Build | House |
| 23:51 | Build | Farm |
Match timeline
| 4:10 | nono12 · first_building Dock |
| 4:25 | FalconElPardal · first_building Dock |
| 4:26 | Oni.TaToH · first_building Dock |
| 4:27 | Moneimon · first_building Dock |
| 4:33 | [R1] 12Tirador · first_building Dock |
| 4:34 | Zni.Chaos · first_building Dock |
| 4:39 | [R1] Pume · wall_segment Palisade Wall x1 |
| 4:43 | Hui · first_building Dock |
| 4:45 | [R1] Pume · wall_segment Palisade Wall x1 |
| 5:59 | [R1] Pume · first_building Dock |
| 6:48 | nono12 · wall_segment Palisade Wall x1 |
| 6:49 | nono12 · wall_segment Palisade Wall x1 |
| 7:19 | FalconElPardal · first_building Barracks |
| 7:45 | [R1] Pume · first_building Barracks |
| 8:32 | nono12 · wall_segment Palisade Wall x1 |
| 8:32 | nono12 · wall_segment Palisade Wall x1 |
| 9:05 | Moneimon · first_building Barracks |
| 9:47 | Moneimon · age_up feudal |
| 9:48 | nono12 · wall_segment Palisade Wall x1 |
| 10:02 | [R1] Pume · wall_segment Palisade Wall x1 |
| 10:02 | Moneimon · first_building Stable |
| 10:05 | [R1] Pume · wall_segment Palisade Wall x1 |
| 10:07 | [R1] Pume · wall_segment Palisade Wall x1 |
| 10:08 | Zni.Chaos · age_up feudal |
| 10:09 | [R1] Pume · wall_segment Palisade Wall x1 |
| 10:10 | [R1] Pume · wall_segment Palisade Wall x1 |
| 10:12 | [R1] Pume · wall_segment Palisade Wall x1 |
| 10:16 | Zni.Chaos · first_building Stable |
| 10:17 | FalconElPardal · age_up feudal |
| 10:21 | [R1] Pume · wall_segment Palisade Wall x1 |
| 10:21 | [R1] Pume · wall_segment Palisade Wall x1 |
| 10:22 | Moneimon · wall_segment Stone Wall x14 |
| 10:23 | [R1] Pume · wall_segment Palisade Wall x1 |
| 10:26 | [R1] Pume · age_up feudal |
| 10:32 | [R1] 12Tirador · age_up feudal |
| 10:33 | nono12 · wall_segment Palisade Wall x1 |
| 10:37 | [R1] Pume · wall_segment Stone Wall x16 |
| 10:49 | Oni.TaToH · age_up feudal |
| 11:05 | [R1] Pume · wall_segment Stone Wall x1 |
| 11:19 | [R1] Pume · first_building Archery Range |
| 11:20 | Hui · age_up feudal |
| 11:30 | [R1] Pume · wall_segment Palisade Wall x1 |
| 11:49 | [R1] Pume · wall_segment Palisade Wall x1 |
| 13:08 | FalconElPardal · first_building Archery Range |
| 13:22 | nono12 · first_building Barracks |
| 13:54 | nono12 · age_up feudal |
| 14:44 | nono12 · wall_segment Palisade Wall x1 |
| 14:44 | nono12 · wall_segment Palisade Wall x1 |
| 14:45 | Oni.TaToH · first_market_buy 100 food |
| 14:50 | Hui · age_up castle |
| 14:54 | nono12 · first_building Stable |
| 16:06 | Oni.TaToH · first_building Barracks |
| 16:20 | [R1] 12Tirador · age_up castle |
| 16:28 | Oni.TaToH · wall_segment Palisade Wall x1 |
| 16:29 | Oni.TaToH · wall_segment Palisade Wall x1 |
| 16:29 | nono12 · wall_segment Palisade Wall x1 |
| 16:31 | nono12 · wall_segment Palisade Wall x1 |
| 16:42 | Oni.TaToH · wall_segment Palisade Wall x1 |
| 16:43 | Oni.TaToH · wall_segment Palisade Wall x1 |
| 16:48 | [R1] 12Tirador · first_market_sell 500 food |
| 16:48 | [R1] 12Tirador · first_market_buy 100 wood |
| 16:51 | Oni.TaToH · first_building Stable |
| 17:53 | Oni.TaToH · age_up castle |
| 17:57 | nono12 · age_up castle |
| 18:34 | Oni.TaToH · first_market_sell 100 food |
| 18:43 | FalconElPardal · wall_segment Stone Wall x18 |
| 19:07 | [R1] Pume · wall_segment Palisade Wall x3 |
| 19:20 | Zni.Chaos · wall_segment Palisade Wall x1 |
| 19:21 | Zni.Chaos · wall_segment Palisade Wall x1 |
| 19:24 | Zni.Chaos · wall_segment Palisade Wall x1 |
| 19:25 | Zni.Chaos · wall_segment Palisade Wall x1 |
| 19:25 | nono12 · first_building Monastery |
| 19:27 | Zni.Chaos · wall_segment Palisade Wall x1 |
| 19:32 | Zni.Chaos · wall_segment Palisade Wall x1 |
| 19:33 | Zni.Chaos · wall_segment Palisade Wall x1 |
| 19:37 | Moneimon · age_up castle |
| 19:39 | Zni.Chaos · wall_segment Palisade Wall x1 |
| 19:39 | [R1] Pume · wall_segment Palisade Wall x1 |
| 19:40 | Zni.Chaos · wall_segment Palisade Wall x1 |
| 19:41 | Zni.Chaos · wall_segment Palisade Wall x1 |
| 19:42 | Zni.Chaos · wall_segment Palisade Wall x1 |
| 19:44 | [R1] Pume · wall_segment Palisade Wall x6 |
| 19:45 | Zni.Chaos · wall_segment Palisade Wall x1 |
| 19:46 | Zni.Chaos · wall_segment Palisade Wall x1 |
| 19:47 | [R1] Pume · wall_segment Palisade Wall x5 |
| 19:48 | Zni.Chaos · wall_segment Palisade Wall x1 |
| 19:49 | [R1] Pume · wall_segment Palisade Wall x5 |
| 19:50 | Zni.Chaos · wall_segment Palisade Wall x2 |
| 19:51 | Zni.Chaos · wall_segment Palisade Wall x1 |
| 19:59 | [R1] Pume · wall_segment Stone Wall x8 |
| 20:03 | [R1] Pume · wall_segment Stone Wall x8 |
| 20:09 | [R1] Pume · wall_segment Stone Wall x12 |
| 20:15 | Oni.TaToH · first_building Monastery |
| 20:29 | Hui · first_market_buy 100 food |
| 20:41 | FalconElPardal · wall_segment Palisade Wall x1 |
| 20:44 | FalconElPardal · wall_segment Palisade Wall x1 |
| 20:51 | Zni.Chaos · age_up castle |
| 21:44 | Moneimon · first_market_buy 100 stone |
| 22:10 | Hui · wall_segment Palisade Wall x1 |
| 22:11 | Hui · wall_segment Palisade Wall x1 |
| 22:14 | Hui · wall_segment Palisade Wall x1 |
| 22:17 | FalconElPardal · age_up castle |
| 22:45 | Hui · first_building Monastery |
| 23:01 | [R1] Pume · wall_segment Palisade Wall x4 |
| 23:12 | FalconElPardal · resign |
| 23:29 | [R1] Pume · wall_segment Palisade Wall x1 |
[ AI ANALYSIS · 1 CREDIT ]
What really happened in this match?
Wolo.gg analyzes every decision: build order, eco, micro, common mistakes by bracket. Personalized analysis on WhatsApp or Discord in 30 seconds.
Civ guide
Incas
Perfil
Jugador #18490940